 Dungeon Crawl Stone Soup version 0.20-a0-1018-ge435b50 (webtiles) character file.

132 Zoots the Skirmisher (level 4, -1/41 HPs)
             Began as a Minotaur Abyssal Knight on Apr 17, 2017.
             Was a Priest of Lugonu.
             Slain by Zoots's ghost (5 damage)
             ... on level 3 of the Dungeon.
             The game lasted 00:06:31 (1676 turns).

Zoots the Skirmisher (Minotaur Abyssal Knight)      Turns: 1676, Time: 00:06:33

Health: -1/41      AC: 11    Str: 18    XL:     4   Next: 92%
Magic:  4/4        EV:  8    Int: 13    God:    Lugonu [***...]
Gold:   60         SH:  0    Dex:  9    Spells: 3/3 levels left

rFire    . . .     SeeInvis .   a - +1 hand axe
rCold    . . .     Gourm    .   (no shield)
rNeg     . . .     Faith    .   x - +0 chain mail
rPois    .         Spirit   .   (helmet restricted)
rElec    .         Reflect  .   b - +1 cloak
rCorr    .         Harm     .   (no gloves)
MR       .....                  (no boots)
Stlth    ..........             (no amulet)
Regen    0.2/turn               d - +4 ring of intelligence (curse)
MPRegen  0.1/turn               (no ring)

@: confused, lethally poisoned (-1 -> -1), very slightly contaminated, hasted,
invisible, very quick
A: retaliatory headbutt, horns 2
a: Depart the Abyss, Bend Space, Banish, Renounce Religion


You were on level 3 of the Dungeon.
You worshipped Lugonu.
Lugonu was most pleased with you.
You were not hungry.

You visited 1 branch of the dungeon, and saw 3 of its levels.
You visited the Abyss 1 time.

You collected 60 gold pieces.

Inventory:

Hand Weapons
 a - a +1 hand axe (weapon)
Armour
 b - a +1 cloak (worn)
 x - a +0 chain mail (worn)
Jewellery
 d - a cursed +4 ring of intelligence (left hand)
 e - a +5 ring of evasion {unknown}
 q - an uncursed ring of poison resistance {unknown}
Scrolls
 h - 5 scrolls of identify {unknown}
 i - 2 scrolls of teleportation
 j - a scroll of remove curse {unknown}
 l - a scroll of amnesia {unknown}
 r - a scroll of fog {unknown}
 t - a scroll of recharging {unknown}
 v - a scroll of enchant weapon {unknown}
Potions
 k - a potion of cancellation {unknown}
 n - a potion of haste {unknown}
 o - a potion of heal wounds {unknown}
 u - 2 potions of mutation {unknown}
 w - 2 potions of ambrosia
Comestibles
 c - a bread ration
 f - 2 royal jellies
 g - 7 chunks of flesh
 m - 2 fruits
 p - a meat ration


   Skills:
 + Level 4.6 Fighting
 + Level 4.2 Axes
 + Level 3.3 Armour
 + Level 2.1 Dodging
 + Level 0.3 Stealth
 + Level 2.0 Invocations


You had 3 spell levels left.
You didn't know any spells.

Dungeon Overview and Level Annotations

Branches:
Dungeon (3/15)

Altars:

Annotations:
D:3 Zoots's ghost, amateur MiCK


Innate Abilities, Weirdness & Mutations

You reflexively headbutt those who attack you in melee.
You have a pair of horns on your head.


Message History

Zoots's ghost is heavily damaged.
Zoots's ghost hits you but does no damage.
You are confused.
You closely miss Zoots's ghost.
Zoots's ghost is heavily damaged.
Zoots's ghost hits you but does no damage.
You fade into invisibility!
You are very lightly contaminated with residual magic.
Your chain mail prevents you from hitting Zoots's ghost.
Your headbutt misses Zoots's ghost.
Zoots's ghost is heavily damaged.
You feel less confused.
You hit Zoots's ghost but do no damage.
Zoots's ghost is heavily damaged.
Zoots's ghost hits you. Space warps horribly around you!
* * * LOW HITPOINT WARNING * * *
It was a potion of ambrosia.
You are confused.
You feel invigorated.
You feel sick. Zoots's ghost hits you.
You die...

#####.. ... #...... ..
#......#.###
#..........#
#..........#
#..........#
#..........#
##....#W##.#.# ..
#####.#@##.#.# ...
#.....#....#.###...
#.....###..........
#..................
#..................
###..................#.#
#.............########.#
+....................#.#
#.............######.#.#


You could see Zoots's ghost.

Vanquished Creatures
  4 adders
  3 worms (D:2)
  3 dart slugs
  3 leopard geckos
  A ball python (D:1)
  10 bats
  8 giant cockroaches
  9 goblins
  7 hobgoblins
  7 jackals (D:1)
  8 kobolds
  3 frilled lizards
  6 rats
72 creatures vanquished.

Notes
Turn   | Place    | Note
-------+----------+-------------------------------------------
     0 | Abyss:1  | Zoots the Minotaur Abyssal Knight began the quest for the Orb.
     0 | Abyss:1  | Reached XP level 1. HP: 19/19 MP: 1/1
     4 | Abyss:1  | Noticed a death drake
     4 | Abyss:1  | a glowing shapeshifter changed into a death drake
     5 | D:1      | Escaped the Abyss
    60 | D:1      | Reached * piety under Lugonu
    97 | D:1      | Reached XP level 2. HP: 22/27 MP: 2/2
   179 | D:1      | Reached XP level 3. HP: 25/34 MP: 3/3
   349 | D:1      | Reached ** piety under Lugonu
   935 | D:2      | Reached XP level 4. HP: 41/41 MP: 4/4
  1539 | D:3      | Reached *** piety under Lugonu
  1651 | D:3      | Noticed Zoots's ghost (amateur MiCK)
  1675 | D:3      | HP: 2/41 [Zoots's ghost (14)]
  1676 | D:3      | Slain by Zoots's ghost

Vault maps used:
D:1:      dpeg_arrival_erosion, minmay_hexomino_c4
D:2:      grunt_ministairs_11
Abyss:1:  bh_silent_lugonu_exit

Skill      XL: |  1  2  3  4 |
---------------+-------------+-----
Fighting       | 4 |  4.6
Invocations    | 2 |  2.0
Axes           | 3 4 |  4.2
Armour         | 3 |  3.3
Dodging        | 2 |  2.1
Stealth        | |  0.3

Action                   |  1- 3 |  4- 6 || total
-------------------------+-------+-------++-------
Melee: Hand axe          |    87 |    76 ||   163
       Headbutt          |    16 |    11 ||    27
Invok: Depart the Abyss  |     1 |       ||     1
  Use: Scroll            |       |     1 ||     1
       Potion            |       |     1 ||     1
  Eat: Chunk             |       |     3 ||     3
Armor: Leather armour    |    31 |       ||    31
       Ring mail         |     8 |    28 ||    36
       Chain mail        |       |    10 ||    10
Dodge: Dodged            |    74 |    45 ||   119
